 Dungeon Crawl Stone Soup version 0.23.1 (webtiles) character file.

Game seed: 17906746635437055558

32 Xavori the Skirmisher (level 3, 29/29 HPs)
             Began as a Mummy Chaos Knight on Mar 2, 2019.
             Was a Plaything of Xom.
             Quit the game on level 1 of the Abyss on Mar 3, 2019.
             The game lasted 00:01:44 (11555 turns).

Xavori the Skirmisher (Mummy Chaos Knight)         Turns: 11555, Time: 00:01:44

Health: 29/29      AC:  5    Str: 16    XL:     3   Next: 10%
Magic:  3/3        EV: 11    Int: 11    God:    Xom [......]
Gold:   110        SH:  0    Dex: 11    Spells: 2/2 levels left

rFire    x . .     SeeInvis .   a - +0 falchion (chaos)
rCold    + + .     Gourm    .   (no shield)
rNeg     + + +     Faith    .   b - +2 leather armour
rPois    ∞         Spirit   .   (no helmet)
rElec    .         Reflect  .   (no cloak)
rCorr    .         Harm     .   (no gloves)
MR       .....                  (no boots)
Stlth    +.........             (no amulet)
HPRegen  0.09/turn              d - ring of protection from cold
MPRegen  0.08/turn              (no ring)

@: very slightly contaminated
A: no food or potions, fire vulnerability, cold resistance 1, negative energy
resistance 3, torment resistance, unbreathing
a: Renounce Religion


You were on level 1 of the Abyss.
You worshipped Xom.
You were a very special plaything of Xom.
You were not hungry.

You visited 1 branch of the dungeon, and saw 2 of its levels.
You visited the Abyss 1 time.

You collected 110 gold pieces.

Inventory:

Hand Weapons
 a - a +0 falchion of chaos (weapon)
Armour
 b - a +2 leather armour (worn)
Jewellery
 d - a ring of protection from cold (left hand)


   Skills:
 + Level 3.4 Fighting
 + Level 2.9 Long Blades
 + Level 1.8 Armour
 + Level 1.0 Dodging
 + Level 0.2 Stealth


You had 2 spell levels left.
You didn't know any spells.
Your spell library contained the following spells:

 Spells                   Type           Power        Failure   Level  Hunger
 Apportation              Tloc           #.....       41%         1    N/A
 Summon Butterflies       Summ           #.......     41%         1    N/A
 Lesser Beckoning         Tloc           #.........   78%         3    N/A
 Tukima's Dance           Hex            #.......     78%         3    N/A
 Alistair's Intoxication  Tmut/Pois      #.......     100%        5    N/A
 Invisibility             Hex            #.......     100%        6    N/A

Dungeon Overview and Level Annotations

Branches:
Dungeon (2/15)

Altars:
Xom


Innate Abilities, Weirdness & Mutations

You do not eat or drink.
Your flesh is vulnerable to fire.
You are immune to poison.
Your flesh is cold resistant. (rC+)
You are immune to negative energy. (rN+++)
You are immune to unholy pain and torment.
You can survive without breathing.


Message History

A tentacled starspawn comes into view.
A large abomination comes into view.
A lich comes into view.
Tentacles burst from the starspawn's body! 2 starspawn tentacles come into view.
The lich shouts!
Blink to where?
Press: ? - help, Dir - move target cursor You are very lightly contaminated with residual magic.
As you read the scroll labeled OMOSHELIPE, it crumbles to dust.
It was a scroll of blinking.
As you read the scroll labeled XAYTUM JIOH, it crumbles to dust.
You feel blessed for a moment.
It was a scroll of remove curse.
As you read the scroll labeled QAUPYSAEHAET, it crumbles to dust.
It is a scroll of identify.
You don't have any unidentified items.
You start waiting.
The lich is too close now for your liking.
A lich is nearby!
A lich is nearby!
Are you sure you want to abandon this character and quit the game? (Confirm with "yes".)

. ############ #
#@..........#
######L......# #
#.####. .....#
#...... .....### # #
####.......... ..
#.#............ # ##
##. ###.......###.#
. . .......#####.# #
#
##.####...##.#.#.#.#


You could see a lich.

Vanquished Creatures
  A dart slug (D:1)
  A leopard gecko (D:1)
  A giant cockroach (D:1)
  3 goblins (D:1)
  3 hobgoblins (D:1)
  5 kobolds
  5 bats (D:1)
  2 frilled lizards
  7 rats (D:1)
28 creatures vanquished.

Vanquished Creatures (others)
  2 starspawn tentacles (Abyss:1)
2 creatures vanquished.

Grand Total: 30 creatures vanquished

Notes
Turn   | Place    | Note
-------+----------+-------------------------------------------
     0 | D:1      | Xavori the Mummy Chaos Knight began the quest for the Orb.
     0 | D:1      | Reached XP level 1. HP: 18/18 MP: 1/1
    92 | D:1      | XOM: potion effect (agility)
   137 | D:1      | XOM: silly message
   153 | D:1      | Reached XP level 2. HP: 24/24 MP: 2/2
   228 | D:1      | XOM: divination: detect items
   255 | D:1      | XOM: potion effect (invisibility)
   488 | D:1      | Reached skill level 1 in Dodging
   707 | D:1      | Reached XP level 3. HP: 25/29 MP: 3/3
  2226 | D:1      | XOM: divination: detect creatures
  2421 | D:1      | XOM is BORED!
  2421 | D:1      | XOM: silly message
  2577 | D:1      | XOM: divination: detect creatures
  2814 | D:1      | XOM: harmless Conj miscast
  3168 | D:1      | XOM: divination: magic mapping
  3811 | D:1      | XOM is BORED!
  3811 | D:1      | XOM: summons 1 hostile demon
  4017 | D:1      | XOM: cloud trail
  4102 | D:1      | XOM: god gift: book of Party Tricks
  4208 | D:1      | XOM: god gift: plate armour {god gift}
  4895 | D:1      | XOM: god gift: grey potion {god gift}
  4922 | D:1      | XOM is BORED!
  4922 | D:1      | XOM: medium Chrm miscast
  5464 | D:1      | XOM: scenery: create altars
  5753 | D:1      | XOM: severe Conj miscast
  5967 | D:1      | XOM: harmless Air miscast
  6719 | D:1      | XOM is BORED!
  7470 | D:1      | XOM: scenery: create altars
  8628 | D:1      | XOM: cloud trail
  8809 | D:1      | XOM: mild Hex miscast
  8852 | D:1      | XOM: god gift: 54 gold pieces
  9357 | D:1      | XOM is BORED!
  9357 | D:1      | XOM: medium Summ miscast
  9358 | D:1      | Noticed a spatial vortex
 10072 | D:1      | XOM: cloud trail
 10412 | D:1      | XOM: cloud trail
 11311 | D:1      | XOM: 3-stop teleportation journey
 11444 | D:1      | XOM: medium Tloc miscast
 11444 | D:1      | Cast into level 1 of the Abyss (the capriciousness of Xom)
 11537 | Abyss:1  | Noticed a tentacled starspawn
 11538 | Abyss:1  | Noticed a large abomination
 11538 | Abyss:1  | Noticed a lich
 11555 | Abyss:1  | Quit the game

Skill      XL: |  1  2 |
---------------+-------+-----
Dodging        | 1 |  1.0
Fighting       | |  3.4
Long Blades    | |  2.9
Armour         | |  1.8
Stealth        | |  0.2

Action                   || total
-------------------------++-------
Melee: Falchion          ||    69
  Use: Scroll            ||     3
 Stab: Sleeping          ||     2
       Invisible         ||     1
Armor: Leather armour    ||    32
Dodge: Dodged            ||    61
       Rpst.: Falchion   ||    19
